 Dungeon Crawl Stone Soup version 0.28-a0-664-gc179e30c89 (webtiles) character file.

Game seed: 1993427938174467174

257 nukaronaldo the Magician (level 5, -4/37 HPs)
             Began as a Demonspawn Hedge Wizard on Oct 15, 2021.
             Slain by a sky beast (5 damage)
             ... on level 5 of the Dungeon.
             The game lasted 00:23:06 (4109 turns).

nukaronaldo the Magician (Demonspawn Hedge Wizard)  Turns: 4109, Time: 00:23:06

Health: -4/37      AC:  2    Str: 10    XL:     5   Next: 93%
Magic:  11/11      EV: 12    Int: 16    God:
Gold:   77         SH:  0    Dex: 13    Spells: 9/12 levels left

rFire   . . .      SeeInvis .   E - +8 scythe (flame)
rCold   . . .      Faith    .   (shield currently unavailable)
rNeg    . . .      Spirit   .   b - +0 robe
rPois   .          Reflect  .   c - +0 hat
rElec   .          Harm     .   (no cloak)
rCorr   .          Rampage  .   (no gloves)
Will    .....                   (no boots)
Stlth   ++........              z - amulet of magic regeneration
HPRegen 0.12/turn               (no ring)
MPRegen 0.37/turn               (no ring)

@: no status effects
A: powered by pain 1, demonic touch 2
a: no special abilities


You were on level 5 of the Dungeon.
You visited 1 branch of the dungeon, and saw 5 of its levels.

You collected 77 gold pieces.

Inventory:

Hand Weapons
 a - a +0 dagger
 d - a +0 dagger
 e - a +0 club
 f - a +0 mace
 i - a +2 dagger of venom
 k - a +0 club
 l - a +4 short sword
 m - a +0 whip
 r - a +0 hunting sling
 t - a +0 falchion
 y - a +2 vampiric dagger
 E - a +8 scythe of flaming (weapon)
Missiles
 h - 132 stones
 v - 49 bolts
 x - 47 arrows
Armour
 b - a +0 robe (worn)
 c - a +0 hat (worn)
 j - a +0 ring mail
 o - a +0 robe
 p - a +0 pair of gloves
 s - a +0 ring mail
 A - a +0 leather armour
Magical Staves
 C - a staff of air
Jewellery
 z - an amulet of magic regeneration (around neck)
Wands
 w - a wand of paralysis (10)
Scrolls
 D - a scroll of noise {unknown}
 F - a scroll of identify {unknown}
Potions
 g - 2 potions of mutation {unknown}
 n - 3 potions of curing {unknown}
 q - 2 potions of attraction {unknown}
 u - 2 potions of degeneration {unknown}
 B - a potion of flight {unknown}


   Skills:
 + Level 1.1 Fighting
 + Level 2.6 Short Blades
 + Level 2.1 Dodging
 + Level 2.8 Stealth
 + Level 4.2 Spellcasting
 + Level 2.2 Conjurations
 + Level 1.1 Summonings
 + Level 0.8 Translocations


You had 9 spell levels left.
You knew the following spells:

 Your Spells              Type           Power      Damage    Failure   Level
a - Magic Dart            Conj           40%        1d5       7%          1
b - Call Imp              Summ           7%         N/A       16%         2

Your spell library contained the following spells:

 Spells                   Type           Power      Damage    Failure   Level
 Blink                    Tloc           N/A        N/A       19%         2
 Slow                     Hex            3%         N/A       26%         2
 Conjure Flame            Conj/Fire      6%         6-21      32%         3
 Mephitic Cloud           Conj/Pois/Air  5%         N/A       36%         3


Dungeon Overview and Level Annotations

Branches:
Dungeon (5/15)
 Temple: D:4-7

Altars:
Fedhas


Innate Abilities, Weirdness & Mutations

You sometimes gain a little power by taking damage.
Your touch may inflict irresistible damage on your foes.


Message History

There is a blossoming altar of Fedhas here.
There is a blossoming altar of Fedhas here.
A sky beast comes into view.
You see here 14 stones.
Aiming: Magic Dart (safe; 7% risk of failure)
Press: ? - help, Q - select action, (/) - cycle Shift-Dir - straight line, f - sky beast
Aim: a sky beast (asleep, 100% to hit)
The magic dart hits the sky beast but does no damage.
Aiming: Magic Dart (safe; 7% risk of failure)
Press: ? - help, Q - select action, (/) - cycle Shift-Dir - straight line, f/p - sky beast
Aim: a sky beast (100% to hit)
The magic dart hits the sky beast.
The sky beast is lightly wounded.
The sky beast hits you. The sky beast shocks you.
You slash the sky beast! You burn the sky beast.
The sky beast is almost dead.
The sky beast misses you. The sky beast barely misses you.
You hit the sky beast. You burn the sky beast.
The sky beast is almost dead.
The sky beast completely misses you. x2
You closely miss the sky beast.
The sky beast is almost dead.
The sky beast hits you. The sky beast shocks you.
The sky beast barely misses you.
You closely miss the sky beast.
The sky beast is almost dead.
The sky beast hits you. The sky beast shocks you. The sky beast hits you.
* * * LOW HITPOINT WARNING * * *
The sky beast shocks you.
* * * LOW HITPOINT WARNING * * *
You barely miss the sky beast.
The sky beast is almost dead.
The sky beast hits you but does no damage.
The sky beast closely misses you.
You closely miss the sky beast.
The sky beast is almost dead.
The sky beast hits you.
* * * LOW HITPOINT WARNING * * *
The sky beast shocks you.
You die...

######♣♣ ♣♣._.♣
#......♣♣♣♣♣...♣♣
#.###........♣♣♣
#.# ##..♣♣♣♣♣♣
#.# ##♣♣ #.# ###
#.# #.####### #.#
#.......###
######.#
#.(@Y......
#......#
#...##.##..[
#.########..## .#
#.#<........# #.#
#.###..####.#.
.#.## #......#
#.#.###.#..# #
########.##
#.##...##..##.#
#.........#
#..##.##......#
##.........#
##.........#


You could see a sky beast.

Vanquished Creatures
  Sigmund (D:5)
  2 iguanas (D:4)
  An adder (D:4)
  A worm (D:5)
  2 dart slugs (D:3)
  2 orcs (D:3)
  8 endoplasms
  A giant cockroach (D:4)
  7 goblins
  3 hobgoblins
  A quokka (D:3)
  2 ball pythons (D:1)
  A bat (D:1)
  A frilled lizard (D:3)
  3 kobolds
36 creatures vanquished.

Notes
Turn   | Place    | Note
-------+----------+-------------------------------------------
     0 | D:1      | nukaronaldo the Demonspawn Hedge Wizard began the quest for
                  | the Orb.
     0 | D:1      | Reached XP level 1. HP: 13/13 MP: 4/4
   291 | D:1      | Gained mutation: You sometimes gain a little power by
                  | taking damage. [demonic ancestry]
   291 | D:1      | Reached XP level 2. HP: 19/19 MP: 3/6
   445 | D:1      | Found a faded altar of an unknown god.
  1106 | D:2      | You fall into a shaft and drop 2 floors!
  1419 | D:4      | Learned a level 2 spell: Call Imp
  1428 | D:4      | Reached skill level 1 in Short Blades
  1428 | D:4      | Gained mutation: Your touch may inflict minor irresistible
                  | damage on your foes. [demonic ancestry]
  1428 | D:4      | Reached XP level 3. HP: 15/24 MP: 2/8
  2194 | D:4      | Reached XP level 4. HP: 15/31 MP: 9/9
  3042 | D:3      | Noticed an ogre
  3603 | D:5      | Entered Level 5 of the Dungeon
  3659 | D:5      | Noticed Sigmund
  3676 | D:5      | Killed Sigmund
  3677 | D:5      | Reached skill level 1 in Fighting
  3677 | D:5      | Reached skill level 4 in Spellcasting
  3677 | D:5      | Gained mutation: Your touch may inflict irresistible damage
                  | on your foes. [demonic ancestry]
  3677 | D:5      | Reached XP level 5. HP: 14/37 MP: 8/11
  4047 | D:5      | Found a blossoming altar of Fedhas.
  4100 | D:5      | Noticed a sky beast
  4109 | D:5      | HP: 1/37 [sky beast (4)]
  4109 | D:5      | Slain by a sky beast

Illustrated notes

Levels and vault maps discovered:
D:1:      dpeg_arrival_boxorama, layout_rooms, basic_ecumenical_altar,
          st_stairs_4, minmay_small_reverse_x
D:2:      layout_rooms
D:3:      layout_rooms, lightli_corner_chamber
D:4:      layout_basic, minivault_27
D:5:      layout_basic, fedhas_altar_4, minmay_checkerbox, uniq_sigmund,
          uniq_duvessa

Skill      XL: |  1  2  3  4 |
---------------+-------------+-----
Stealth        | 2 |  2.8
Short Blades   | 1 2 |  2.6
Dodging        | 2 |  2.1
Fighting       | 1 |  1.1
Spellcasting   | 4 |  4.2
Conjurations   | 2 |  2.2
Summonings     | |  1.1
Translocations | |  0.8

Action                   |  1- 3 |  4- 6 || total
-------------------------+-------+-------++-------
Melee: Dagger            |     2 |       ||     2
       Short sword       |    50 |    11 ||    61
       Touch             |     2 |     1 ||     3
       Scythe            |       |     7 ||     7
 Cast: Magic Dart        |    36 |    21 ||    57
       Call Imp          |     1 |     1 ||     2
  Use: Scroll            |     2 |     2 ||     4
       Potion            |       |     1 ||     1
 Stab: Sleeping          |     1 |       ||     1
Armor: Robe              |    10 |     1 ||    11
Dodge: Dodged            |    41 |    16 ||    57

Table legend: (Time is in decaauts)
 A = Elapsed time spent in this place.
 B = Non-inter-level travel time spent in this place.
 C = Inter-level travel time spent in this place.
 D = Time resting spent in this place.
 E = Time spent auto-exploring this place.
 F = Levels seen in this place.
 G = Mean time per level.
                   A        B        C        D        E       F      G
               +--------+--------+--------+--------+--------+-----+--------+
         Total |   4104 |   3748 |    356 |   1305 |    409 |   5 |  820.8 |
       Dungeon |   4104 |   3748 |    356 |   1305 |    409 |   5 |  820.8 |
               +--------+--------+--------+--------+--------+-----+--------+

Top non-repeatable levels by time:
     D:4: 1609 daAuts
     D:1: 1068 daAuts
     D:3: 877 daAuts
     D:5: 511 daAuts
     D:2: 38 daAuts
